AoeStats
← A Bá

Nomad

509870672Analyzed
4v4 RM · 5d ago on Sep 28, 2026· 37m 1s· 8 players
Game mode
Random Map
Map size
231×231
Population
200
Speed
Normal
Resources
Standard
Victory
Conquest
Starting age
Dark Age
Ending age
Imperial Age
RankedLock teamsTeams togetherTeam positionsShared explorationLock speedFull tech treeHidden civsTurbo modeCheats
Victory
Defeat
🇭🇰 Bulgarians · Hong Kong SAR China
1343
+12
🇦🇺 Mapuche · Australia
1261
+15
🇻🇳 Spanish · Vietnam
1245
+16
1233
+18
🇹🇼 Portuguese · Taiwan
1264
-16
🇹🇼 Magyars · Taiwan
1258
-15
🇹🇼 Japanese · Taiwan
1243
-15
🇹🇼 Varangians · Taiwan
1242
-15
alex1993327
3:22 Loom
16:58 Feudal Age
20:41 Castle Age
18:49 Stone Mining
18:53 Double-Bit Axe
27:19 Fletching
TigerBitePig
6:44 Loom
14:10 Feudal Age
18:13 Castle Age
16:30 Double-Bit Axe
16:56 Horse Collar
18:14 Crossbowman
19:41 Fletching
19:52 Padded Archer Armor
25:42 Bodkin Arrow
27:35 Wheelbarrow
29:40 Leather Archer Armor
GYLi
6:49 Loom
14:46 Feudal Age
18:24 Castle Age
17:24 Double-Bit Axe
17:34 Fletching
plesae963
Súc Vật Du Phong
3:08 Loom
15:06 Feudal Age
19:30 Castle Age
18:57 Double-Bit Axe
21:14 Wheelbarrow
22:11 Husbandry
32:54 Hand Cart
35:36 Bow Saw
38:07 Imperial Age
lebron
5:29 Loom
13:29 Feudal Age
17:29 Castle Age
15:54 Gold Mining
16:02 Double-Bit Axe
16:58 Stone Mining
19:40 Wheelbarrow
19:50 Fletching
20:57 Bodkin Arrow
21:16 Scale Mail Armor
22:25 Chain Mail Armor
23:17 Squires
26:14 Gambesons
28:40 Arson
34:33 Forging
35:51 Iron Casting
伐伐伐伐伐木工
3:08 Loom
16:49 Feudal Age
20:53 Castle Age
18:45 Town Watch
24:52 Medium Warships
25:35 Fishing Lines
33:40 Redemption
A Bá
3:44 Loom
14:12 Feudal Age
14:38 Double-Bit Axe
19:12 Stone Mining
21:41 Castle Age
21:15 Gold Mining
22:41 Bow Saw
23:57 Wheelbarrow
27:25 Hand Cart
27:08 Town Watch
27:20 Fishing Lines
29:17 Forging
32:01 Iron Casting
33:28 Horse Collar
Connection lost

Rejoining the realm…

Still unreachable

The connection could not be restored.

Session expired

The server has moved on; the page needs a fresh start.